 Dungeon Crawl Stone Soup version 0.32-a0-918-g0f22ef8d61 (console) character file.

Game seed: 12734231423643657406

75 jejorda2 the Poker (level 4, -1/41 HPs)
             Began as a Gnoll Berserker on Apr 11, 2024.
             Was a Follower of Trog.
             Slain by Natasha (2 damage)
             ... on level 2 of the Dungeon.
             The game lasted 00:02:43 (1131 turns).

jejorda2 the Poker (Gnoll Berserker)                Turns: 1131, Time: 00:02:44

Health: -1/41      AC:  9    Str: 18    XL:     4   Next: 31%
Magic:  5/5        EV:  8    Int:  7    God:    Trog [*.....]
Gold:   54         SH:  0    Dex: 11    Spells: 5/5 levels left

rFire   . . .        a - +0 spear
rCold   . . .        (no shield)
rNeg    . . .        f - +0 chain mail
rPois   .            (no helmet)
rElec   .            (no cloak)
rCorr   .            (no gloves)
SInv    .            (no boots)
Will    ++...        (no amulet) Stlth
                     (no ring)
HPRegen 1.26/turn    (no ring)
MPRegen 0.09/turn

%: no passive effects
@: strong-willed (expiring), on berserk cooldown, regenerating (expiring),
slowed, very slow
A: fangs 1, strong nose, distributed training
a: Renounce Religion, Berserk


You were on level 2 of the Dungeon.
You worshipped Trog.
Trog was aware of your devotion.
You visited 1 branch of the dungeon, and saw 2 of its levels.

You collected 54 gold pieces.

Inventory:

Hand Weapons
 a - a +0 spear (weapon)
Missiles
 e - 5 poisoned darts (quivered)
Armour
 f - a +0 chain mail (worn)
Scrolls
 c - 2 scrolls of identify {unknown}
 d - a scroll of enchant armour {unknown}
 g - a scroll of teleportation {unknown}
Potions
 b - 2 potions of brilliance {unknown}


   Skills:
 + Level 6.6 Fighting
 + Level 1.1 Short Blades
 + Level 1.1 Long Blades
 + Level 1.1 Axes
 + Level 1.1 Maces & Flails
 + Level 6.6 Polearms
 + Level 1.1 Staves
 + Level 1.1 Ranged Weapons
 + Level 1.1 Throwing
 + Level 4.6 Armour
 + Level 4.6 Dodging
 + Level 1.1 Stealth
 + Level 1.1 Shields
 + Level 1.1 Unarmed Combat
 + Level 1.1 Spellcasting
 + Level 0.9 Conjurations
 + Level 0.9 Hexes
 + Level 0.9 Summonings
 + Level 0.9 Necromancy
 + Level 0.9 Translocations
 + Level 0.9 Fire Magic
 + Level 0.9 Ice Magic
 + Level 0.9 Air Magic
 + Level 0.9 Earth Magic
 + Level 0.9 Alchemy
 + Level 1.2 Invocations
 + Level 1.1 Evocations
 + Level 1.0 Shapeshifting


You had 5 spell levels left.
You didn't know any spells.
Your spell library was empty.

Dungeon Overview and Level Annotations

Branches:
Dungeon (2/15)

Altars:

Annotations:
D:2 Natasha


Innate Abilities, Weirdness & Mutations

You have very sharp teeth.
Your uncanny sense of smell can sniff out nearby items.
Your experience applies equally to all skills.


Message History

Natasha claws you!
* * * LOW HITPOINT WARNING * * *
You hit Natasha. You bite Natasha, but do no damage.
Natasha is heavily wounded.
Natasha casts a spell.
Your skin crawls.
You feel strong-willed.
You can no longer call upon Trog for regeneration and willpower.
Natasha stares at you and mumbles some strange words.
The magic dart hits you but does no damage.
The cerulean imp hits you from afar with a +1 spear.
* * * LOW HITPOINT WARNING * * *
Natasha claws you but does no damage.
You closely miss Natasha.
Natasha is heavily wounded.
The cerulean imp hits you but does no damage.
Natasha casts a spell at you.
The magic dart hits you but does no damage.
You hit Natasha but do no damage. You bite Natasha.
Natasha is severely wounded.
The cerulean imp hits you from afar with a +1 spear.
* * * LOW HITPOINT WARNING * * *
Natasha claws you.
* * * LOW HITPOINT WARNING * * *
You closely miss Natasha.
Natasha is severely wounded.
The cerulean imp hits you but does no damage.
Natasha claws you but does no damage.
The cerulean imp hits you from afar with a +1 spear.
* * * LOW HITPOINT WARNING * * *
Natasha claws you.
* * * LOW HITPOINT WARNING * * *
You hit Natasha.
Natasha is severely wounded.
You feel the effects of Trog's Hand fading.
The cerulean imp hits you from afar with a +1 spear.
* * * LOW HITPOINT WARNING * * *
Natasha claws you.
You die...
Natasha begins licking her fur clean.

# ....###..####.# #
..............#
......h$.#
...#####.######
.###.h5†..# ### # ∆
..######h# ##.###
#.# #.# ###..... ∆
#.######.###...##.#
#.@h5........#.#...
########.#####...##
#.# ##.#.#. #.#
#..#... #.# ##.#.#.
##.#####...#.
#......#.#.#.
#....##..#...
##.#.###.#.#.


You could see Natasha and a cerulean imp (summoned).

Vanquished Creatures
  Terence (D:2)
  3 dart slugs
  2 endoplasms
  3 giant cockroaches (D:1)
  6 goblins
  3 hobgoblins
  4 jackals (D:1)
  6 kobolds
  3 ball pythons
  5 bats
  A frilled lizard (D:1)
  3 rats (D:1)
40 creatures vanquished.

Notes
Turn   | Place    | Note
-------+----------+-------------------------------------------
     0 | D:1      | jejorda2 the Gnoll Berserker began the quest for the Orb.
     0 | D:1      | Reached XP level 1. HP: 23/23 MP: 1/1
    49 | D:1      | Reached XP level 2. HP: 20/29 MP: 2/2
   338 | D:1      | Reached XP level 3. HP: 26/35 MP: 3/3
   343 | D:1      | Reached ** piety under Trog
   725 | D:2      | Reached skill level 1 in Invocations
   779 | D:2      | Noticed Terence
   803 | D:2      | Killed Terence
   804 | D:2      | Reached skill level 1 in Short Blades
   804 | D:2      | Reached skill level 1 in Long Blades
   804 | D:2      | Reached skill level 1 in Axes
   804 | D:2      | Reached skill level 1 in Maces & Flails
   804 | D:2      | Reached skill level 1 in Staves
   804 | D:2      | Reached skill level 1 in Ranged Weapons
   804 | D:2      | Reached skill level 1 in Throwing
   804 | D:2      | Reached skill level 1 in Stealth
   804 | D:2      | Reached skill level 1 in Shields
   804 | D:2      | Reached skill level 1 in Unarmed Combat
   804 | D:2      | Reached skill level 1 in Spellcasting
   804 | D:2      | Reached skill level 1 in Evocations
   804 | D:2      | Reached skill level 1 in Shapeshifting
   804 | D:2      | Reached XP level 4. HP: 13/41 MP: 5/5
  1087 | D:2      | Noticed Natasha
  1131 | D:2      | HP: 1/41 [cerulean imp/+1 spear[Natasha] (3)]
  1131 | D:2      | Slain by Natasha

Illustrated notes

Levels and vault maps discovered:
D:1:      onia_arrival_pyramid, layout_basic
D:2:      layout_loops_ring, nicolae_concentric_dashed_squares_mild,
          uniq_natasha, uniq_crazy_yiuf_cottage, uniq_terence

Skill      XL: |  1  2  3 |
---------------+----------+-----
Invocations    | 1 |  1.2
Short Blades   | 1 |  1.1
Long Blades    | 1 |  1.1
Axes           | 1 |  1.1
Maces & Flails | 1 |  1.1
Staves         | 1 |  1.1
Ranged Weapons | 1 |  1.1
Throwing       | 1 |  1.1
Stealth        | 1 |  1.1
Shields        | 1 |  1.1
Unarmed Combat | 1 |  1.1
Spellcasting   | 1 |  1.1
Evocations     | 1 |  1.1
Shapeshifting  | 1 |  1.0
Fighting       | |  6.6
Polearms       | |  6.6
Armour         | |  4.6
Dodging        | |  4.6
Conjurations   | |  0.9
Hexes          | |  0.9
Summonings     | |  0.9
Necromancy     | |  0.9
Translocations | |  0.9
Fire Magic     | |  0.9
Ice Magic      | |  0.9
Air Magic      | |  0.9
Earth Magic    | |  0.9
Alchemy        | |  0.9

Action                     |  1- 3 |  4- 6 || total
---------------------------+-------+-------++-------
  Melee: Spear             |   136 |    40 ||   176
         Bite              |     7 |     4 ||    11
 Invoke: Berserk           |     1 |     1 ||     2
         Trog's Hand       |       |     3 ||     3
   Stab: Sleeping          |     1 |       ||     1
 Armour: Animal skin       |    53 |     4 ||    57
         Chain mail        |       |    39 ||    39
  Dodge: Dodged            |    54 |    13 ||    67

Table legend: (Time is in decaauts)
 A = Elapsed time spent in this place.
 B = Non-inter-level travel time spent in this place.
 C = Inter-level travel time spent in this place.
 D = Time resting spent in this place.
 E = Time spent auto-exploring this place.
 F = Levels seen in this place.
 G = Mean time per level.
                   A        B        C        D        E       F      G
               +--------+--------+--------+--------+--------+-----+--------+
         Total |   1100 |   1082 |     18 |      0 |    776 |   2 |  550.0 |
       Dungeon |   1100 |   1082 |     18 |      0 |    776 |   2 |  550.0 |
               +--------+--------+--------+--------+--------+-----+--------+

Top non-repeatable levels by time:
     D:1: 667 daAuts
     D:2: 433 daAuts
